 Dungeon Crawl Stone Soup version bcrawl-1.24.2 (webtiles) character file.

Game seed: 15906321140453952588

49 wazuzu the Sneak (level 3, -2/21 HPs)
             Began as a Vine Stalker Archaeologist on June 20, 2020.
             Slain by a worm (8 damage)
             ... on level 1 of the Dungeon.
             The game lasted 00:03:38 (642 turns).

wazuzu the Sneak (Vine Stalker Archaeologist)        Turns: 642, Time: 00:03:39

Health: -2/21      AC:  6    Str: 14    XL:     3   Next: 75%
Magic:  4/4        EV: 13    Int: 14    God:
Gold:   68         SH:  0    Dex: 12    Spells: 2/2 levels left

rFire    . . .     SeeInvis .   a - +0 whip
rCold    . . .     Gourm    .   (no shield)
rNeg     . . .     Faith    .   b - +1 robe
rPois    .         Spirit   .   c - +1 hat
rElec    .         Reflect  .   (no cloak)
rCorr    .         Harm     .   (no gloves)
MR       .....                  d - +1 pair of boots
Stlth    +++.......             (no amulet)
HPRegen  0.47/turn              (no ring)
MPRegen  0.09/turn              (no ring)

@: lethally poisoned (-2 -> -2)
A: fangs 2, regeneration 1, no potion heal 3, rot immunity, strong jaws
a: no special abilities


You were on level 1 of the Dungeon.
You were not hungry.

You visited 1 branch of the dungeon, and saw 2 of its levels.

You collected 68 gold pieces.


Innate Abilities, Weirdness & Mutations

You have extremely sharp teeth.
Your natural rate of healing is unusually fast.
Potions cannot restore your health.
You are immune to rotting.
Your bites deal extra damage.


   Skills:
 + Level 2.0 Fighting
 * Level 2.5 Maces & Flails
 - Level 3.0 Dodging
 - Level 4.4 Stealth


You had 2 spell levels left.
You didn't know any spells.
Your spell library was empty.

Dungeon Overview and Level Annotations

Branches:
Dungeon (2/12)

Altars:

Inventory:

Hand Weapons
 a - a +0 whip (weapon)
Armour
 b - a +1 robe (worn)
 c - a +1 hat (worn)
 d - a +1 pair of boots (worn)
Scrolls
 g - a scroll of magic mapping
 h - 3 scrolls of identify {unknown}
 i - a scroll of enchant weapon {unknown}
 j - a scroll of teleportation {unknown}
 k - a scroll of fear {unknown}
Miscellaneous
 f - a dusty tome
Comestibles
 e - 2 rations {!d}

# ########## #
#########........####### #
#####......##............... #
#..##.....w@................ #
#..##......#####.###########
######..##......#####.## #
#....#....#>#..........# #
#....###...............##########
#....# ###..#..........##.....Y..
#....####...#....................
#.....##......[.......#.#########
#.....##.####...........#.#.#.#.#


You could see a worm.


Message History

You barely miss the ball python. You bite the ball python.
The ball python is moderately wounded.
The ball python misses you. The ball python constricts you.
You whack the ball python!
You kill the ball python!
You hit the sky beast but do no damage.
The sky beast flickers out of sight!
Deactivating autopickup; reactivate with Ctrl-A.
Something hits you. Something shocks you.
A sky beast appears from thin air!
Reactivating autopickup.
The sky beast flickers out of sight!
Deactivating autopickup; reactivate with Ctrl-A.
A sky beast appears from thin air!
Reactivating autopickup.
There is a stone staircase leading down here.
The sky beast hits you. The sky beast shocks you.
You see here a plate armour.
The sky beast flickers out of sight!
Deactivating autopickup; reactivate with Ctrl-A.
There is a stone staircase leading down here.
You climb downwards.
Reactivating autopickup.
The worm closely misses you.
There is a stone staircase leading up, spattered with blood here.
Found a dented garnet amulet.
A worker ant comes into view.
Found a dagger.
The worm bites you but does no damage.
The teleport trap disappears.
The worm bites you. The worm bites you.
There is a stone staircase leading up, spattered with blood here.
The worker ant bites you but does no damage.
You climb upwards.
There is a stone staircase leading down here.
The worm bites you!
* * * LOW HITPOINT WARNING * * *
The worker ant bites you.
* * * LOW HITPOINT WARNING * * *
You hit the worker ant but do no damage.
The worker ant completely misses you.
You hit the worker ant.
The worker ant is lightly wounded.
The worker ant bites you but does no damage.
You hit the worker ant.
The worker ant is heavily wounded.
The worker ant closely misses you.
You hit the worker ant but do no damage.
The worker ant is heavily wounded.
The worker ant barely misses you. The worker ant bites you.
* * * LOW HITPOINT WARNING * * *
You are poisoned.
The worker ant poisons you!
You aren't carrying any potions.
You hit the worker ant.
The worker ant is almost dead.
You feel sick. The worker ant misses you.
You hit the worker ant.
You kill the worker ant!
Your Fighting skill increases to level 2!
You feel sick. The worm bites you but does no damage.
You completely miss the worm. The worm bites you.
* * * LOW HITPOINT WARNING * * *
You hit the worm.
The worm is moderately wounded.
You feel sick.
You hit the worm.
The worm is severely wounded.
The worm bites you!
You die...

Action                   || total
-------------------------++-------
Melee: Whip              ||   103
       Bite              ||    11
 Stab: Sleeping          ||     4
Armor: Robe              ||    54
Dodge: Dodged            ||    82

Levels and vault maps discovered:
D:1:      co_arrival_square_in_a_square_in_a_square, layout_rooms
D:2:      layout_basic

Notes
Turn   | Place    | Note
-------+----------+-------------------------------------------
     0 | D:1      | wazuzu the Vine Stalker Archaeologist began the quest for
                  | the Orb.
     0 | D:1      | Reached XP level 1. HP: 11/11 MP: 2/2
    17 | D:1      | Reached skill level 1 in Fighting
    40 | D:1      | Reached skill level 1 in Maces & Flails
    88 | D:1      | Reached XP level 2. HP: 16/16 MP: 3/3
   298 | D:1      | Reached skill level 2 in Maces & Flails
   345 | D:1      | Reached XP level 3. HP: 21/21 MP: 4/4
   515 | D:2      | Noticed a sky beast
   638 | D:1      | Reached skill level 2 in Fighting
   642 | D:1      | Slain by a worm

Vanquished Creatures
  A worker ant (D:1)
  A leopard gecko (D:1)
  4 bats (D:1)
  3 giant cockroaches (D:1)
  5 goblins (D:1)
  2 hobgoblins (D:1)
  A ball python (D:1)
  A frilled lizard (D:1)
  5 kobolds (D:1)
23 creatures vanquished.
